Map: Proxima Station LE

Players

Musumeci

  • Race: Zerg Zerg
  • League: Diamond
  • Spawn Location: 7:00

Shabbyman - Winner!

  • Race: Terran Terran
  • League: Diamond
  • Spawn Location: 1:00

VOD

Have the link to the VOD?

Description

Time

  • Played on: March 8, 2017, 12:54 p.m.
  • Length: 15:08
Show
View Real Time Build Order
Export as new Build Order

Musumeci Zerg 

Build Orders: Hatch First 

Get SALT Encoding   

  12  0:02  Drone  
  13  0:10  Drone  
  14  0:14  Extractor  
  14  0:16  Drone  
  15  0:41  Hatchery  
  14  0:48  Drone, Extractor  
  15  1:11  Spawning Pool  
  14  1:16  Drone x2, Extractor x2  
  15  1:42  Overlord  
  15  1:50  Extractor  
  15  1:53  Drone x2  
  16  1:57  Queen  
  16  2:01  Queen  
  18  2:05  Drone  
  21  2:08  Drone  
  22  2:18  Drone  
  22  2:19  Drone  
  24  2:35  Queen  
  26  2:37  Queen  
  26  2:42  Overlord  
  28  2:47  Overlord  
  28  3:16  Drone x10  
  28  3:17  Drone  
  39  3:25  Extractor  
  38  3:28  Roach Warren  
  37  4:13  Overlord x3  
  37  4:16  Overlord  
  37  4:20  Hatchery  
  36  4:35  Roach  
  36  4:36  Roach x8  
  54  4:40  Lair  
  54  4:51  Evolution Chamber  
  53  4:54  Roach, Evolution Chamber  
  54  5:18  Drone x6  
  54  5:19  Drone x2  
  62  5:23  Drone  
  62  5:24  Drone  
  62  5:26  Extractor  
  62  5:27  Drone  
  64  5:30  Extractor  
  63  5:39  Spore Crawler x2  
  63  5:42  Spore Crawler  
  60  5:43  Spore Crawler  
  59  5:51  Spore Crawler  
  59  5:52  Overseer  
  56  5:58  Queen x2  
  60  6:08  Spore Crawler  
  53  6:18  Queen  
  55  6:32  Spore Crawler x2  
  53  6:34  Queen  
  52  6:54  Queen  
  52  7:31  Ravager  
  52  7:32  Ravager x9  
  35  8:22  Queen  
  36  8:29  Lair  
  34  8:36  Drone x5  
  34  8:39  Extractor  
  34  8:40  Extractor  
  37  8:43  Drone x4  
  41  8:55  Hatchery  
  34  9:14  Spawning Pool  
  33  9:32  Hydralisk Den  
  32  10:09  Queen  
  31  10:16  Spore Crawler  
  31  10:19  Hatchery, Spore Crawler  
  31  10:20  Spore Crawler  
  21  10:43  Roach, Drone  
  21  10:44  Drone x2  
  21  10:45  Hatchery  
  21  10:48  Hydralisk x10  
  45  10:59  Hatchery  
  45  11:01  Drone x3  
  45  11:03  Drone  
  48  11:15  Roach x2  
  52  11:19  Queen  
  54  11:45  Roach  
  54  11:46  Roach x7  
  71  11:47  Ravager x3  
  73  11:58  Lair  
  73  12:01  Drone x3  
  73  12:02  Drone  
  77  12:23  Roach x4  
  77  12:25  Ravager  
  77  12:29  Overlord  
  86  12:42  Overlord  
  86  12:47  Drone x6  
  86  12:48  Drone  
  93  13:02  Drone x6  
  99  13:09  Ravager  
  99  13:10  Ravager x2  
  102  13:33  Overlord x3  
Show
View Real Time Build Order
Export as new Build Order

Shabbyman Terran - Winner!

Build Orders: Banshee Rush 

Get SALT Encoding   

  12  0:01  SCV  
  13  0:14  SCV  
  13  0:19  Supply Depot  
  14  0:26  SCV  
  15  0:39  Refinery  
  15  0:40  SCV  
  16  0:46  Barracks  
  16  0:51  Refinery  
  16  0:54  SCV  
  17  1:11  Supply Depot  
  17  1:21  SCV  
  18  1:33  SCV  
  18  1:35  Marine  
  20  1:48  Orbital Command  
  20  1:57  Marine  
  20  1:58  Factory  
  21  2:18  SCV  
  22  2:32  SCV, Supply Depot  
  23  2:42  Factory Tech Lab  
  23  2:45  Starport x2  
  23  2:49  SCV  
  23  2:50  Marine  
  25  3:01  SCV  
  26  3:17  Factory Tech Lab, Marine, Supply Depot  
  27  3:30  SCV  
  28  3:42  Banshee x2, Cloaking Field  
  34  4:01  Command Center  
  34  4:07  Marine  
  35  4:20  SCV  
  36  4:24  Banshee x2  
  36  4:30  Marine  
  43  4:32  SCV  
  43  4:33  Supply Depot  
  43  4:36  Widow Mine  
  46  4:41  Supply Depot  
  46  4:50  SCV  
  47  4:54  Marine  
  48  5:05  Supply Depot  
  48  5:07  Banshee x2  
  54  5:21  SCV  
  55  5:22  Marine  
  56  5:30  Armory  
  56  5:32  Engineering Bay  
  56  5:33  SCV  
  57  5:43  Refinery  
  57  5:45  Orbital Command, SCV  
  55  6:30  Barracks Reactor, Factory Tech Lab  
  55  6:31  Banshee x2  
  61  6:34  SCV x2  
  63  6:46  SCV x2  
  62  6:58  SCV  
  57  7:23  Thor  
  57  7:26  Banshee x2  
  57  7:27  Marine x2  
  57  7:29  SCV x2  
  73  7:36  Supply Depot  
  73  7:40  Terran Vehicle And Ship Armor Level 1, Command Center  
  73  7:41  SCV x2, Command Center, Terran Infantry Weapons Level 1  
  75  7:53  SCV  
  76  8:22  Thor, Marine x2  
  84  8:38  Raven  
  86  8:51  Banshee, Marine x2, SCV x2  
  87  9:03  SCV  
  87  9:09  Marine x2  
  90  9:52  Thor, Marine x2  
  89  10:35  Thor  
  89  10:36  Orbital Command  
  89  10:37  Orbital Command  
  89  10:38  Banshee  
  89  10:39  Banshee  
  89  10:40  Marine x2  
  103  10:46  Supply Depot  
  103  10:47  Supply Depot  
  103  10:51  Terran Vehicle Weapons Level 1  
  103  10:52  Terran Infantry Armor Level 1  
  103  10:58  Marine x2  
  105  11:06  Refinery  
  105  11:08  Missile Turret x2  
  105  11:09  Missile Turret  
  105  11:11  Missile Turret  
  105  11:13  Missile Turret  
  105  11:14  Missile Turret  
  105  11:16  SCV  
  105  11:17  SCV  
  107  11:28  SCV  
  107  11:29  SCV  
  107  11:30  Banshee x2  
  115  11:38  Thor  
  121  11:54  Marine  
  121  11:55  Marine  
  121  11:56  Command Center x3  
  121  11:59  Supply Depot  
  123  12:12  Marine x2  
  123  12:14  SCV  
  123  12:15  SCV x3  
  129  12:18  Banshee  
  129  12:20  Banshee  
  135  12:24  Supply Depot  
  135  12:30  Marine x2  
  137  12:46  Thor  
  137  12:48  Marine x2  
  145  13:03  Banshee  
  148  13:06  Supply Depot  
  148  13:07  Banshee, Marine x2  
  148  13:09  Supply Depot  
  153  13:28  Thor  
  153  13:32  SCV x4  
  153  13:34  Marine x2  
  165  13:44  SCV x4  
  169  13:51  Marine  
  169  13:52  Marine  
  155  13:56  SCV  
  138  14:21  Planetary Fortress  
  138  14:22  Planetary Fortress  
  138  14:23  Planetary Fortress  
Tags
 
Add a new tag
Caveats
  • Supply blocks, unpowered buildings, or Contaminate may cause inaccurate times.
  • Supply counts are checked every 10 seconds.